Cogmind - Beta 15 @@@ ROGUE MODE // 2025.10.10 @ 08:54:13 Player: beans Result: Destroyed by G-47 Trooper with Particle Gun Performance ------------- Evolutions (2) 1000 Regions Visited (6) 1200 Robots Destroyed (47) 235 Value Destroyed (1431) 1431 Prototype IDs (28) 560 Alien Tech Used (0) 0 Bonus (-274) -274 TOTAL SCORE: 4152 Bonus ------- Follower Combat Kills 95 Friendly Fire -369 Cogmind --------- Core Integrity 0/550 Matter 300/300 Energy 98/100 System Corruption 1% Temperature Cool (9) Movement Core (50) Location -8/Storage Parts ------- > --- POWER (2) -------- (None) > --- PROPULSION (2) --- (None) > --- UTILITY (4) ------ (None) > --- WEAPON (3) ------- (None) > --- INVENTORY (5) ---- Heat Sink Authchip [Processor] Longsword +1 Peak State ------------ > --- POWER ------------ (None) > --- PROPULSION ------- Flexi-carbon Leg Flexi-carbon Leg > --- UTILITY ---------- Armor Integrity Analyzer Reactive Plating > --- WEAPON ----------- Gatling Laser Gatling Laser Longsword +1 > --- INVENTORY -------- Light Angular Momentum Engine Authchip [Processor] Beamcaster Assault Cannon Flak Cannon [Rating: 35] Favorites ----------- Power Light Angular Momentum Engine Engine Light Angular Momentum Engine Power Core Light Nuclear Core Propulsion Armored Treads Treads Armored Treads Leg Flexi-carbon Leg Wheel Compact Wheel Utility Reactive Plating Device Heat Sink Processor Armor Integrity Analyzer Protection Reactive Plating Weapon Assault Cannon Energy Gun Gatling Laser Energy Cannon Beam Cannon Ballistic Gun Light Assault Rifle Ballistic Cannon Assault Cannon Launcher Advanced EMP Blaster Slashing Weapon Longsword +1 Build | -11 -10 -10 -10 -9 -8 -8 ------- Run | Yrd Mat Min Exi Min Mat Sto Slots Evolved 4 | . . . . . 4 . Power 1 | . . . . . 1 . Propulsion . | . . . . . . . Utility 2 | . . . . . 2 . Weapon 1 | . . . . . 1 . Parts Attached 34 | 2 4 6 2 4 4 12 Power 4 | . 1 1 . . . 2 Engine 3 | . 1 1 . . . 1 Core 1 | . . . . . . 1 Reactor . | . . . . . . . Propulsion 8 | 2 . 1 . 3 . 2 Treads 3 | 2 . 1 . . . . Leg 3 | . . . . 3 . . Wheel 2 | . . . . . . 2 Hover . | . . . . . . . Flight . | . . . . . . . Utility 7 | . 2 1 . 1 . 3 Device 3 | . . . . . . 3 Storage . | . . . . . . . Processor 1 | . . . . 1 . . Hackware . | . . . . . . . Protection 3 | . 2 1 . . . . Artifact . | . . . . . . . Weapon 15 | . 1 3 2 . 4 5 Energy Gun 7 | . . . . . 4 3 Energy Cannon 1 | . 1 . . . . . Ballistic Gun 2 | . . 1 . . . 1 Ballistic Cannon 2 | . . 2 . . . . Launcher 1 | . . . . . . 1 Special Weapon . | . . . . . . . Impact Weapon . | . . . . . . . Slashing Weapon 2 | . . . 2 . . . Piercing Weapon . | . . . . . . . Special Melee Weapon . | . . . . . . . Unidentified Prototypes 5 | . . . . . . 5 Parts Lost 17 | . . 2 . . 1 14 Power 3 | . . . . . 1 2 Propulsion 4 | . . . . . . 4 Utility 4 | . . 1 . . . 3 Weapon 6 | . . 1 . . . 5 Highest Loss Streak 7 | . . 2 . . 1 7 To Critical Strikes 1 | . . . . . . 1 Average Backups 3 | . . 2 4 4 4 3 Power 1 | . . 1 2 . . . Propulsion . | . . . . . . . Utility . | . . . . . 1 1 Weapon 2 | . . . 2 3 3 2 Tool/Special . | . . . . . . . Unused Backups 3 | . . . . 1 1 1 Power 1 | . . . . 1 . . Propulsion . | . . . . . . . Utility 1 | . . . . . . 1 Weapon 1 | . . . . . 1 . Tool/Special . | . . . . . . . Average Slot Usage (%) 59 | . 36 47 71 62 62 58 Engine 11 | . 7 14 14 9 3 1 Treads 7 | . 6 2 14 5 . . Leg 2 | . . . . 8 18 7 Device 1 | . . . . . . 13 Protection 12 | . 15 14 14 14 9 4 Energy Gun 2 | . . . . . 22 14 Energy Cannon 3 | . 5 12 . . . . Ballistic Cannon 12 | . . 4 24 9 . 7 Slashing Weapon 2 | . . . 3 14 . . Peak Build Rating 35 | 2 7 17 23 27 35 34 Average Rating 15 | 1 4 6 18 20 31 20 On Entrance 15 | . 2 7 17 23 27 31 Naked Turns 51 | . 47 . . . . 4 Heaviest Build 31 | . 24 30 30 27 31 28 Greatest Support 40 | 40 40 20 20 40 40 40 Greatest Overweight (x) 8 | . 7 8 1 1 . 6 Average Overweight (x) 1 | . 1 4 1 . . . Largest Inventory Capacity 5 | 5 5 5 5 5 5 5 Average Capacity 5 | 5 5 5 5 5 5 5 Most Carried 5 | 2 3 5 5 5 5 5 Average Carried 3 | . . 2 4 4 4 3 Final Capacity 5 | 5 5 5 5 5 5 5 Final Carried 5 | . 2 4 5 5 5 3 Class Distribution -------------------- 88% | Mutant 6% | Scavenger-Gunner Dominant Class ---------------- Mutant | -10/Materials Mutant | -10/Mines Mutant | -10/Exiles Mutant | -9/Mines Scavenger-Gunner | -8/Materials Mutant | -8/Storage Resources | -11 -10 -10 -10 -9 -8 -8 ----------- Run | Yrd Mat Min Exi Min Mat Sto Matter Collected 1205 | 111 44 195 148 76 104 527 Remotely . | . . . . . . . Salvage Created 1999 | . 44 237 202 252 164 1100 Parts 98 | . 6 3 5 14 8 62 Haulers Intercepted 3 | . . . . . 1 2 Recyclers Shooed 2 | . . . . . 1 1 Parts Field Recycled . | . . . . . . . Retrieved Matter . | . . . . . . . Parts Self-Destructed . | . . . . . . . Prevented . | . . . . . . . Kills | -11 -10 -10 -10 -9 -8 -8 ------- Run | Yrd Mat Min Exi Min Mat Sto Combat Hostiles Destroyed 32 | . 3 3 1 2 3 20 Melee 2 | . . . . 2 . . Guns 9 | . . . . . 3 6 Cannons 21 | . 3 3 1 . . 14 Classes Destroyed 9 | . 1 2 . 3 1 2 Worker 3 | . . . . 1 . 2 Builder 3 | . . . . 1 . 2 Hauler 3 | . . . . . 1 2 Recycler 3 | . . 1 . . . 2 Watcher 1 | . . . . . . 1 Swarmer 3 | . 3 . . . . . Grunt 19 | . . 3 1 2 3 10 Sentry 9 | . . . . . . 9 Hunter 1 | . . . . . . 1 Thug 1 | . . . . 1 . . Guerrilla 1 | . . . . 1 . . Best Kill Streak 11 | . 3 2 1 2 2 11 Combat Bots Only 8 | . 3 2 1 2 2 8 Max Kills in Single Turn 2 | . 1 1 1 1 2 2 Gunslinging 1 | . . . . . . 1 Exploded . | . . . . . . . Melee 1 | . . . . 1 . . Uniques/NPCs Destroyed . | . . . . . . . Combat | -11 -10 -10 -10 -9 -8 -8 -------- Run | Yrd Mat Min Exi Min Mat Sto Hostile Shots Fired 222 | . 34 16 . 7 16 149 Missed 65 | . 9 2 . 2 4 48 Hits 157 | . 25 14 . 5 12 101 Melee 4 | . . . . . . 4 Projectile 153 | . 25 14 . 5 12 97 Critical Strikes 10 | . . . . . 1 9 Damage Taken 2168 | . 214 227 . 64 188 1475 Core 690 | . 35 63 . 26 31 535 Absorbed by Shields . | . . . . . . . Ignored by Resistances 44 | . . . . . . 44 Core Remaining (%) 75 | 100 . . . 50 . . Volleys Fired 94 | . 5 14 16 . 7 52 Largest 3 | . 1 2 2 . 3 3 Hottest 240 | . 60 80 74 . 240 240 Shots Fired 186 | . 5 24 31 . 21 105 Gun 72 | . . 8 . . 21 43 Cannon 114 | . 5 16 31 . . 62 Launcher . | . . . . . . . Special . | . . . . . . . Kinetic 105 | . . 12 31 . . 62 Thermal 81 | . 5 12 . . 21 43 Explosive . | . . . . . . . Electromagnetic . | . . . . . . . Robot Hit Streak 11 | . 4 5 4 . 11 8 Robot Miss Streak 6 | . 1 3 4 . 4 6 Penetration Max . | . . . . . . . Secondary Targets 1 | . . . . . . 1 Max Gunslinging Chain 1 | . . . . . . 1 Shots Hit Robots 155 | . 4 14 24 8 17 88 Core Hits 129 | . 3 10 15 5 12 84 Critical Kills . | . . . . . . . Critical Parts Destroyed . | . . . . . . . Critical Strikes . | . . . . . . . Melee Attacks 21 | . . . 9 12 . . Impact . | . . . . . . . Slashing 21 | . . . 9 12 . . Piercing . | . . . . . . . Sneak Attacks 6 | . . . . 6 . . Combat Hostiles . | . . . . . . . Follow-up Attacks . | . . . . . . . Damage Inflicted 4442 | . 70 212 1080 602 466 2012 Guns 1348 | . . 24 . . 466 858 Cannons 1555 | . 70 188 306 . . 991 Explosions 163 | . . . . . . 163 Melee 1376 | . . . 774 602 . . Ramming . | . . . . . . . Kinetic 1353 | . . 56 306 . . 991 Thermal 1550 | . 70 156 . . 466 858 Explosive 163 | . . . . . . 163 Electromagnetic . | . . . . . . . Impact . | . . . . . . . Slashing 1376 | . . . 774 602 . . Piercing . | . . . . . . . Highest Corruption 1 | . . . . . . 1 Average Corruption 1 | . . . . . . 1 Corruption Purged . | . . . . . . . Corruption Blocked . | . . . . . . . Overload Shots . | . . . . . . . Overflow Damage 247 | . . . 156 60 . 31 Projectiles 6 | . . . . . . 6 Explosions 25 | . . . . . . 25 Melee 216 | . . . 156 60 . . Knockbacks 14 | . . . 1 . . 13 Impact . | . . . . . . . Kinetic 14 | . . . 1 . . 13 Secondary . | . . . . . . . Self-Inflicted Damage . | . . . . . . . Shots . | . . . . . . . Rammed . | . . . . . . . Targets Rammed . | . . . . . . . Kicked . | . . . . . . . Crushed . | . . . . . . . Highest Temperature 869 | . 170 429 198 2 869 597 Average Temperature 189 | . 85 170 70 2 356 196 Received Heat Transfer 975 | . 24 123 . 36 126 666 Effects 17 | . . 1 . . 12 4 Shutdowns 4 | . . 1 . . 2 1 Energy Bleed 2 | . . . . . 1 1 Interference 1 | . . . . . 1 . Matter Decay 2 | . . . . . 2 . Short Circuit 2 | . . . . . 1 1 Damage (minor) 3 | . . . . . 2 1 Damage (major) 3 | . . . . . 3 . Siege Activations . | . . . . . . . Martial Activations . | . . . . . . . Shielding Activations . | . . . . . . . Robots Disrupted . | . . . . . . . Combat Hostiles . | . . . . . . . Robots Corrupted . | . . . . . . . Combat Hostiles . | . . . . . . . Parts Fried . | . . . . . . . Impact Corruptions . | . . . . . . . Robots Melted . | . . . . . . . Combat Hostiles . | . . . . . . . Parts Melted 8 | . 1 1 . . 4 2 Heat Transferred 3456 | . 148 333 . . 1050 1925 Parts Sabotaged . | . . . . . . . Parts Stolen . | . . . . . . . Parts Stripped . | . . . . . . . Power Chain Reactions . | . . . . . . . Alert | -11 -10 -10 -10 -9 -8 -8 ------- Run | Yrd Mat Min Exi Min Mat Sto Maximum Alert Level 1 | . . . . . . 1 Low Security (%) 91 | 100 100 100 . 100 100 58 Level 1 8 | . . . . . . 41 Level 2 . | . . . . . . . Level 3 . | . . . . . . . Level 4 . | . . . . . . . Level 5 . | . . . . . . . High Security . | . . . . . . . Max Security . | . . . . . . . Peak Influence 388 | . 70 58 . 40 37 388 Initial 11 | . . 11 . . 5 . Average 38 | . 23 6 . 5 9 164 Influence Increases 1072 | . 100 169 25 75 67 636 Destroy 0b10 Robot/C 700 | . 60 120 20 40 60 400 Destroy 0b10 Robot/NC 70 | . . 5 5 10 5 45 Destroy Leader 168 | . 10 30 . 10 2 116 Allied During Kill 12 | . . 12 . . . . Disable Machine 45 | . . . . . . 45 Destroy Structure 17 | . . 2 . . . 15 Lose Combat Pursuer 60 | . 30 . . 15 . 15 Influence Decreases 778 | . 70 155 69 60 82 342 Entered New Map 73 | . . 19 44 . 10 . Time Decay 535 | . 70 116 25 60 62 202 Lost Part 170 | . . 20 . . 10 140 Squads Dispatched 11 | . 2 . . . 1 8 Investigation 4 | . 1 . . . . 3 Extermination . | . . . . . . . Reinforcement 3 | . 1 . . . 1 1 Assault . | . . . . . . . Garrison 4 | . . . . . . 4 Intercept . | . . . . . . . Searches Triggered . | . . . . . . . Construction Impeded 1 | . . . . . . 1 Haulers Reinforced . | . . . . . . . Active Scanning Responses . | . . . . . . . Cargo Convoy Interrupts . | . . . . . . . Stealth | -11 -10 -10 -10 -9 -8 -8 --------- Run | Yrd Mat Min Exi Min Mat Sto Distress Signals 2 | . . . . . . 2 Communications Jammed . | . . . . . . . Distress Signals . | . . . . . . . Times Spotted 52 | . 7 6 . 4 5 30 Peak Tracking Total 9 | . 4 2 . 2 3 9 Tactical Retreats 3 | . 1 . . 1 . 1 Traps | -11 -10 -10 -10 -9 -8 -8 ------- Run | Yrd Mat Min Exi Min Mat Sto Traps Triggered 2 | . 1 . . . . 1 Indirectly . | . . . . . . . Trap Hack Attempts . | . . . . . . . Triggered . | . . . . . . . Disarmed . | . . . . . . . Reprogrammed . | . . . . . . . Reused . | . . . . . . . Traps Extracted . | . . . . . . . Installed . | . . . . . . . Triggered . | . . . . . . . Machines | -11 -10 -10 -10 -9 -8 -8 ---------- Run | Yrd Mat Min Exi Min Mat Sto Machines Disabled 3 | . . . . . . 3 Max in Single Turn 1 | . . . . . . 1 Machines Repaired . | . . . . . . . Machines Dismantled . | . . . . . . . Machines Sabotaged . | . . . . . . . Overloaded Fab Kills . | . . . . . . . Hacking | -11 -10 -10 -10 -9 -8 -8 --------- Run | Yrd Mat Min Exi Min Mat Sto Machines Accessed 8 | . . 2 3 . . 3 Terminals 4 | . . 1 . . . 3 Fabricators . | . . . . . . . Repair Stations . | . . . . . . . Recycling Units . | . . . . . . . Scanalyzers . | . . . . . . . Garrison Access . | . . . . . . . Total Hacks 28 | . . 2 17 . . 9 Successful 18 | . . 1 17 . . . Failed 10 | . . 1 . . . 9 Catastrophic 2 | . . . . . . 2 Database Lockouts . | . . . . . . . Manual 7 | . . . 7 . . . Terminals 10 | . . 1 . . . 9 Fabricators . | . . . . . . . Repair Stations . | . . . . . . . Recycling Units . | . . . . . . . Scanalyzers . | . . . . . . . Garrison Access . | . . . . . . . Terminal Hacks 18 | . . 1 17 . . . Record 16 | . . . 16 . . . Open Door 1 | . . 1 . . . . Proto ID Catalog 1 | . . . 1 . . . Fabricator Hacks . | . . . . . . . Repair Station Hacks . | . . . . . . . Recycling Unit Hacks . | . . . . . . . Scanalyzer . | . . . . . . . Garrison Access Hacks . | . . . . . . . Unauthorized Hacks . | . . . . . . . Terminals . | . . . . . . . Fabricators . | . . . . . . . Repair Stations . | . . . . . . . Recycling Units . | . . . . . . . Scanalyzers . | . . . . . . . Garrison Access . | . . . . . . . Data Cores Recovered . | . . . . . . . Used . | . . . . . . . Hacking Detections 4 | . . 1 . . . 3 Full Trace Events 3 | . . . . . . 3 Feedback Events 1 | . . . . . . 1 Corruption 1 | . . . . . . 1 Feedback Blocked . | . . . . . . . Robot Schematics Acquired . | . . . . . . . Robots Built . | . . . . . . . Authchips . | . . . . . . . Time . | . . . . . . . Total Robot Build Rating . | . . . . . . . Part Schematics Acquired . | . . . . . . . Parts Built . | . . . . . . . Authchips . | . . . . . . . Time . | . . . . . . . Total Part Build Rating . | . . . . . . . Parts Repaired . | . . . . . . . Time . | . . . . . . . Parts Recycled . | . . . . . . . Recycled Matter . | . . . . . . . Retrieved Matter . | . . . . . . . Retrieved Components . | . . . . . . . Parts Scanalyzed . | . . . . . . . Part Schematics Acquired . | . . . . . . . Parts Damaged . | . . . . . . . Bothacking | -11 -10 -10 -10 -9 -8 -8 ------------ Run | Yrd Mat Min Exi Min Mat Sto Used RIF Installer . | . . . . . . . Robots Hacked . | . . . . . . . Non-combat . | . . . . . . . Combat . | . . . . . . . Robot Hacks Applied . | . . . . . . . Relay Couplers Released . | . . . . . . . Fabnet Peak Effective % . | . . . . . . . Robots Rewired . | . . . . . . . Allies Hacked . | . . . . . . . Hacks Repelled . | . . . . . . . Allies | -11 -10 -10 -10 -9 -8 -8 -------- Run | Yrd Mat Min Exi Min Mat Sto Total Allies 2 | . . 2 . . . . Largest Group 2 | . . 2 2 . . . Highest-Rated Group 42 | . . 42 42 . . . Highest-Rated Ally 31 | . . 31 31 . . . Total Orders . | . . . . . . . Ally Attacks 20 | . . 20 . . . . Total Damage 194 | . . 194 . . . . Kills 3 | . . 3 . . . . Allies Corrupted . | . . . . . . . Allies Melted . | . . . . . . . Intel | -11 -10 -10 -10 -9 -8 -8 ------- Run | Yrd Mat Min Exi Min Mat Sto Active Infowar (turns) . | . . . . . . . Robot Analysis Total . | . . . . . . . Derelict Logs Recovered 2 | . . 2 . . . . Drone Launches . | . . . . . . . Drone Recoveries . | . . . . . . . Exploration | -11 -10 -10 -10 -9 -8 -8 ------------- Run | Yrd Mat Min Exi Min Mat Sto Turns Passed 4498 | 34 239 1231 1801 433 236 524 Spaces Moved 1832 | 25 143 397 664 231 146 226 Core 500 | 8 112 330 . . . 50 Treads 836 | 17 31 67 664 57 . . Legs 446 | . . . . 174 146 126 Wheels 50 | . . . . . . 50 Hover . | . . . . . . . Flight . | . . . . . . . Fastest Speed 50 | 50 50 250 250 120 120 50 Average Speed 214 | 124 144 292 250 169 120 132 Slowest Speed 450 | 160 400 450 250 250 120 350 Overloaded Moves . | . . . . . . . Propulsion Burnouts . | . . . . . . . Robots Hopped . | . . . . . . . Potential Cave-ins . | . . . . . . . Cave-ins Triggered . | . . . . . . . Exploration Rate (%) 44 | 3 34 69 92 53 9 51 Regions Visited 6 Branch Regions 4 Pre-discovered Areas 2 | . . 1 . 1 . . Known Exits Taken . | . . . . . . . Unknown Exits Taken 6 | 1 1 1 1 1 1 . Scrap Searched 2 | . . 1 . 1 . . Spaces Dug . | . . . . . . . Terrain Destroyed 14 | . . 2 1 . . 11 Melee . | . . . . . . . Projectile 6 | . . 2 1 . . 3 AOE 8 | . . . . . . 8 Terrain Rammed . | . . . . . . . Walls Destroyed . | . . . . . . . Machines Disabled . | . . . . . . . Actions | -11 -10 -10 -10 -9 -8 -8 --------- Run | Yrd Mat Min Exi Min Mat Sto Total 2202 | 28 174 445 765 263 187 340 Wait 166 | . 15 22 74 5 24 26 Move 1826 | 24 142 396 663 230 145 226 Hop . | . . . . . . . Pick Up 27 | 2 6 5 1 2 3 8 Fast Attach 13 | . . 1 . 4 3 5 Attach 21 | 2 4 3 . . 2 10 Detach 2 | . . . . 2 . . Swap 12 | . . 3 2 1 . 6 Drop 20 | . 2 1 . 7 3 7 Fire 94 | . 5 14 16 . 7 52 Melee 21 | . . . 9 12 . . Ram . | . . . . . . . Kick . | . . . . . . . Crush . | . . . . . . . Escape Stasis . | . . . . . . . Rewire . | . . . . . . . Trap . | . . . . . . . Miscellaneous . | . . . . . . . Route ------- -11/Scrapyard -10/Materials -10/Mines (discovered 2 exits: [*Mat] / *Exi) -10/Exiles -9/Mines (discovered 2 exits: [*Mat x2]) -8/Materials -8/Storage (discovered 1 exit: [*Fac]) History --------- Turn | Location | Event 10 | -11/Scrapyard | Discovered new exit (range 15) 35 | -11/Scrapyard | Entered Materials 234 | -10/Materials | Discovered new exit (range 8) 274 | -10/Materials | Entered Mines 314 | -10/Mines | Build established: Mutant 660 | -10/Mines | A weapon hastily lodged in a ceiling crevice suddenly fell to the ground 988 | -10/Mines | Learned Materials terminal intel 1036 | -10/Mines | Discovered new exit (range 15) 1039 | -10/Mines | Learned location of Storage (-8) 1265 | -10/Mines | Met a Derelict who couldn't figure out how to use a Trap Extractor 1484 | -10/Mines | Deemed a non-threat by the Exiles lab entrance 1486 | -10/Mines | Discovered new exit (range 5) 1505 | -10/Mines | Entered Exiles 1505 | -10/Exiles | Found Exiles lab destroyed 1505 | -10/Exiles | Accompanied by 2 allies 1535 | -10/Exiles | Led the pair of lost Derelicts to a safe place 2008 | -10/Exiles | Opened EX-Vault 2015 | -10/Exiles | Found Longsword +1 3281 | -10/Exiles | Discovered new exit (range 11) 3306 | -10/Exiles | Entered Mines 3416 | -9/Mines | Met a Derelict bent on vengeance 3562 | -9/Mines | Assembled infested the area 3567 | -9/Mines | Assisted by a Guerilla fighting off Assembled 3647 | -9/Mines | Discovered new exit (range 12) 3703 | -9/Mines | Discovered new exit (range 11) 3739 | -9/Mines | Entered Materials 3739 | -8/Materials | Evolved 4 slots: Power x1, Utility x2, Weapon x1 3740 | -8/Materials | Loaded intel: 12 terminal locations 3786 | -8/Materials | Discovered new exit (range 16) 3975 | -8/Materials | Entered Storage 4147 | -8/Storage | Garrison activated, responded to threat 4247 | -8/Storage | Lost 5 parts (1p2n1u1w) 4264 | -8/Storage | Garrison activated, responded to threat 4354 | -8/Storage | Destroyed 8 combat bots 4477 | -8/Storage | Core integrity fell below 50% 4497 | -8/Storage | Core integrity fell below 20% 4499 | -8/Storage | Discovered new exit (range 15) 4499 | -8/Storage | Destroyed by G-47 Trooper with Particle Gun Last Messages --------------- ALERT: Suspicious activity at Terminal S011. Dispatching Investigation squad. Connecting with Terminal... Feedback: System corruption (+1%). ALERT: Suspicious activity at Terminal S007. Dispatching Investigation squad. Flak Cannon destroyed. Com. Wheel destroyed. Gatling Laser destroyed. Triggered Ambush Trap. L-31 Rogue emerges from a hatch in the floor. G-47 Trooper emerges from a hatch in the floor. Heat Sink severed. Imp. Heat Sink destroyed. Com. Wheel destroyed. Acquired Heat Sink. Heat Sink destroyed. Imp. Ion Engine destroyed. EXIT=FOUND Map ----- +----------------------------------------------------+ | ????????????????????????????????? | | ????????????????????????????????? | | ????????????????????????????????? | | ????????????????????????????????? | | ????????????????????????????????? | | ??????????????#"""##????????????? | | ???????#######? T#??#######???? | | ???????# ####+##### #???? | | ???????# [ #???? | | ???????# %[ T #???? | | ???????# * #???? | | ???????# ########## #???? | | ???????## ##???###??## ##???? | | ????????# #??? ???# #????? | | ????????# #??? ??# #????? | | ????????# #?? ???# #????? | | ????????#= #? ????# g#????? | | ????????#[[ +? ?????# l #????? | | ????????#[[!# """ "????# l #????? | | ????????#%%[# """ "????# #????? | | ????????#=%!+ ""???????# #????? | | ????????#*[*#??????????# #????? | | ????????#! #??????????# #????? | | ######### #??????????# #????? | | # #???????"??# gg#????? | | # #????? """?#g@g#????? | | """ # #???? /g #????? | | """ + #?? # #????? | | """ " " # ## # #????? | | %*! "R" # + ?# #????? | | ! """ # ## ?# #????? | | =% *%= + #########??# #????? | | ##########+##??????????# #????? | | #??????????????????????# #????? | | ???????????????????????# #????? | | ???????????????????????# #????? | | ???????????????????????# #????? | | ???????????????????????# #????? | | ???????????????????????# #????? | | ???????????????????????? ?????? | | ???????????????????????? < ?????? | | ????????????????????????????????? | | ????????????????????????????????? | | ????????????????????????????????? | | ????????????????????????????????? | | ????????????????????????????????? | | ????????????????????????????????? | | ????????????????????????????????? | | ????????????????????????????????? | | ????????????????????????????????? | +----------------------------------------------------+ Best States ------------- Heat Dissipation 65 Energy Generation 18 Energy Capacity 265 Matter Stores 300 Matter Capacity 300 Sight Range 16 Terrain Scan Density 10 Armor Coverage 450 Resistance: KI 20 Evasion (%) 55 Armor Integrity Analysis 30 Recoil Reduction 2 Authchip Count 1 Item Schematics ----------------- None Robot Schematics ------------------ None Fabricated ------------ Nothing Repaired ---------- Nothing Alien Tech Used ----------------- None Achievements -------------- None Challenges ------------ None Game ------ Seed ProjectileFlakVibroblade Manual? 0 Play Time 00:21:09 Cumulative 177.9 hours Start 2025.10.10 @ 08:37:25 End 2025.10.10 @ 08:54:13 Sessions 1 Manual Loads 0 Difficulty Rogue Special Mode None Game No. 545 Rogue 544 Adventurer 1 Explorer 0 Win Type - Total 0 Types 0/0/0/0/0/0/0/0/0/0 Lore% 61 Gallery% 58 Achievement% 44 Wizard Run 0 Options --------- Layout 1 ASCII 0 Keyboard 0 Movement Mouse Keybinds 0 Fullscreen 1 Font 24/Smallcaps Map View 50x35 Zoom Use 0% Tactical HUD 0 Map Filters NONE Filters NONE Steam 1 RUN: 1c7cd687-e8f2-4b1d-a75b-4b324bd9ab72